 Dungeon Crawl Stone Soup version 0.23-a0-169-gb21e695 (webtiles) character file.

19 grindst0ne the Cutter (level 2, 0/20 HPs)
             Began as a Kobold Monk on Sept 11, 2018.
             Slain by an adder (2 damage)
             ... on level 2 of the Dungeon.
             The game lasted 00:01:35 (1050 turns).

grindst0ne the Cutter (Kobold Monk)                 Turns: 1050, Time: 00:01:36

Health: 0/20       AC:  8    Str:  8    XL:     2   Next: 95%
Magic:  2/2        EV:  6    Int: 11    God:
Gold:   79         SH:  0    Dex: 17    Spells: 1/1 levels left

rFire    . . .     SeeInvis .   a - +0 short sword
rCold    . . .     Gourm    .   (shield restricted)
rNeg     . . .     Faith    .   p - +0 chain mail
rPois    .         Spirit   .   (no helmet)
rElec    .         Reflect  .   (no cloak)
rCorr    .         Harm     .   (no gloves)
MR       .....                  (no boots)
Stlth    ..........             (no amulet)
HPRegen  0.06/turn              (no ring)
MPRegen  0.08/turn              (no ring)

@: no status effects
A: small, carnivore
a: no special abilities


You were on level 2 of the Dungeon.
You were completely stuffed.

You visited 1 branch of the dungeon, and saw 2 of its levels.

You collected 79 gold pieces.

Inventory:

Hand Weapons
 a - a +0 short sword (weapon)
Armour
 b - a +0 robe
 d - a +0 ring mail
 p - a +0 chain mail (worn)
Jewellery
 f - a cursed -3 ring of slaying {unknown}
 m - an uncursed ring of see invisible {unknown}
Scrolls
 e - 2 scrolls of identify {unknown}
 g - a scroll of fog {unknown}
 h - 2 scrolls of teleportation {unknown}
 i - 2 scrolls of remove curse {unknown}
 j - 3 scrolls of magic mapping {unknown}
 k - a scroll of amnesia {unknown}
 l - a scroll of noise {unknown}
 o - a scroll of enchant armour {unknown}
Comestibles
 c - 4 rations
 q - a chunk of flesh


   Skills:
 + Level 3.8 Fighting
 + Level 4.6 Short Blades
 * Level 3.7 Dodging
 - Level 2.6 Stealth


You had one spell level left.
You didn't know any spells.
Your spell library was empty.

Dungeon Overview and Level Annotations

Branches:
Dungeon (2/15)

Altars:
Nemelex Xobeh


Innate Abilities, Weirdness & Mutations

You are small and have problems with some larger weapons.
You are carnivorous and can eat meat at any time.


Message History

The centaur hits you but does no damage.
You hit the centaur but do no damage. The adder bites you but does no damage.
The centaur hits you!
* * * LOW HITPOINT WARNING * * *
You hit the centaur.
The centaur is lightly wounded.
The adder barely misses you.
The centaur hits you but does no damage.
Your chain mail prevents you from hitting the centaur.
The centaur is lightly wounded.
The centaur completely misses you. The adder bites you but does no damage.
The goblin throws a stone.
The stone hits you but does no damage. The centaur barely misses you.
You hit the centaur.
The centaur is moderately wounded.
The adder bites you but does no damage.
The goblin throws a stone.
The stone hits you but does no damage. The centaur hits you.
* * * LOW HITPOINT WARNING * * *
The adder bites you.
You die...

.............
#####..###.##
............+
######..##.## ##.##.#
#####..#'###
#..........#
#..........#######
#..........##.@S(#
#..........##.c..#..
#..⌠.⌠..>..((....g...
#..._......##....#....
###⌠.⌠.######....# ...
##...# #....# .. #####
#....# . ######


You could see a centaur, an adder and a goblin.

Vanquished Creatures
  A leopard gecko (D:1)
  7 bats
  A giant cockroach (D:1)
  A hobgoblin (D:1)
  2 kobolds (D:1)
  A quokka (D:2)
  A frilled lizard (D:1)
  2 goblins (D:1)
  2 rats
18 creatures vanquished.

Vanquished Creatures (others)
  4 toadstools (D:1)
4 creatures vanquished.

Grand Total: 22 creatures vanquished

Notes
Turn   | Place    | Note
-------+----------+-------------------------------------------
     0 | D:1      | grindst0ne the Kobold Monk began the quest for the Orb.
     0 | D:1      | Reached XP level 1. HP: 14/14 MP: 1/1
    93 | D:1      | Reached XP level 2. HP: 15/19 MP: 2/2
  1019 | D:2      | Found a sparkling altar of Nemelex Xobeh.
  1040 | D:2      | Noticed a centaur
  1050 | D:2      | Slain by an adder

Vault maps used:
D:1:      ldierk_walled_garden_2, minmay_pentomino_o4
D:2:      lemuel_crystal_altar, chequers_temple_overflow_minitemple,
          minmay_strange_pillars, nemelex_xobeh_ov_fountains_minmay,
          uniq_jessica

Action                   || total
-------------------------++-------
Melee: Short sword       ||    71
  Use: Potion            ||     1
 Stab: Sleeping          ||     2
  Eat: Chunk             ||     9
Armor: Ring mail         ||    13
       Robe              ||     1
       Chain mail        ||    19
Dodge: Dodged            ||    75

Table legend:
 A = Non-vault XP
 B = Vault XP
 C = Vault XP percentage of total XP
 D = Non-vault monster count
 E = Vault monster count
 F = Vault count percentage of total count
                 A         B        C        D         E       F
            +---------+---------+-------+---------+---------+-------
      Total |      24 |       4 |  14.3 |      16 |       2 |  11.1
            +---------+---------+-------+---------+---------+-------
        D:1 |      20 |       4 |  16.7 |      13 |       2 |  13.3
        D:2 |       4 |       0 |   0.0 |       3 |       0 |   0.0
            +---------+---------+-------+---------+---------+-------
